WCHLSIM.com - West Coast Hockey League
html PUBLIC "-//W3C//DTD XHTML 1.0 Transitional//EN" "http://www.w3.org/TR/xhtml1/DTD/xhtml1-transitional.dtd"> WCHL - Game 952 - BOISE CARIBOUS vs KANSAS CITY KILLERBEES

BOISE CARIBOUS vs KANSAS CITY KILLERBEES

Created - 3 mars 2024 at 22:54

Goals
1 2 3 T
BOISE CARIBOUS 0 1 2 3
KANSAS CITY KILLERBEES 0 0 0 0
Shots
1 2 3 T
BOISE CARIBOUS 3 11 12 26
KANSAS CITY KILLERBEES 8 3 3 14

1st period

No Goal

Penalties :
Jean-Gabriel Pageau (BOI) for Hooking (Minor) at 1:05, Tim Stutzle (BOI) for Hooking (Minor) at 12:30

2nd period

1. BOISE CARIBOUS , Artturi Lehkonen 22 (Moritz Seider 24, Matt Duchene 22) at 0:35

Penalties :
Moritz Seider (BOI) for High sticking (Minor) at 4:21, K'Andre Miller (KCK) for Tripping (Minor) at 13:44, Jean-Gabriel Pageau (BOI) for Hooking (Minor) at 18:34

3rd period

2. BOISE CARIBOUS , Artturi Lehkonen 23 (Moritz Seider 25, Matt Duchene 23) at 2:08
3. BOISE CARIBOUS , Jean-Gabriel Pageau 19 (Artturi Lehkonen 37, Rasmus Dahlin 34) at 12:11 (SH)

Penalties :
Daniel Walcott (KCK) for Hooking (Minor) at 7:32, Vincent Trocheck (BOI) for Tripping (Minor) at 11:56, Gabriel Vilardi (BOI) for Cross-checking (Minor) at 18:16

Goalie Stats

Ilya Sorokin (BOI), 14 saves from 14 shots - (1,000), W, 33-15-3, 60:00 minutes
John Gibson (KCK), 23 saves from 26 shots - (0,885), L, 9-26-3, 60:00 minutes

Players Stats for BOISE CARIBOUS

Player Name              G  A  P  +/- PIM S  H  SB GA TA FO     MP     PP MP  PK MP  
------------------------------------------------------------------------------------
Artturi Lehkonen         2  1  3   3  0   8  0  0  0  0  0/1    21:28   2:07   5:57 
Charlie Coyle            0  0  0   0  0   2  0  0  0  0  8/10   15:14   0:00   5:20 
Dylan DeMelo             0  0  0   0  0   1  1  0  0  0  0/0    13:45   0:00   0:00 
Gabriel Vilardi          0  0  0   0  2   0  0  0  0  0  0/0     9:53   0:00   0:00 
Jean-Gabriel Pageau      1  0  1   3  4   4  3  0  0  0  11/14  19:02   1:56   3:44 
Jesperi Kotkaniemi       0  0  0   0  0   2  0  0  0  0  2/4     7:34   0:00   0:57 
Kaapo Kakko              0  0  0   0  0   0  0  0  0  0  0/0     6:37   0:00   0:00 
Lawson Crouse            0  0  0   0  0   3  1  0  0  0  1/4    14:48   1:56   2:58 
Marcus Pettersson        0  0  0   3  0   0  1  0  0  0  0/0    20:26   0:00   4:59 
Matt Duchene             0  2  2   2  0   3  0  0  0  0  2/2    14:59   1:35   0:00 
Moritz Seider            0  2  2   2  2   0  0  0  0  0  0/0    22:24   1:51   5:07 
Nick Schmaltz            0  0  0   0  0   0  0  0  0  0  0/0    16:25   1:56   0:00 
Olli Maatta              0  0  0   0  0   1  3  0  0  0  0/0    14:57   0:00   1:12 
Phil Kessel              0  0  0   0  0   0  0  0  0  0  0/1     7:04   0:27   0:00 
Rasmus Andersson         0  0  0   0  0   0  0  0  0  0  0/0    23:26   1:51   6:23 
Rasmus Dahlin            0  1  1   1  0   0  1  1  0  0  0/0    22:54   2:07   5:35 
Tim Stutzle              0  0  0   0  2   2  2  0  0  0  0/0    16:30   2:02   0:00 
Vincent Trocheck         0  0  0   0  2   0  1  1  0  0  16/24  20:50   2:02   4:20 

Players Stats for KANSAS CITY KILLERBEES

Player Name              G  A  P  +/- PIM S  H  SB GA TA FO     MP     PP MP  PK MP  
------------------------------------------------------------------------------------
Alexis Lafreniere        0  0  0   0  0   1  1  0  0  0  1/4    17:21   5:18   0:00 
Boone Jenner             0  0  0  -3  0   2  2  0  0  0  11/24  21:17   6:20   2:27 
Daniel Walcott           0  0  0   0  2   0  3  0  0  0  0/0    17:08   2:27   1:09 
Denis Gurianov           0  0  0   0  0   0  0  0  0  0  0/0     8:16   0:00   0:00 
Jacob Muzzin             0  0  0  -2  0   0  2  0  0  0  0/0    19:11   2:48   1:43 
Jakub Voracek            0  0  0   0  0   0  0  0  0  0  1/1    12:18   0:43   0:00 
James van Riemsdyk       0  0  0  -1  0   2  0  0  0  0  0/0    19:00   5:37   1:20 
Jaret Anderson-Dolan     0  0  0   0  0   0  0  0  0  0  0/0     8:16   0:00   0:00 
K'Andre Miller           0  0  0  -1  2   1  3  1  0  0  0/0    23:16   6:23   1:02 
MacKenzie Entwistle      0  0  0   0  0   1  0  0  0  0  1/5     8:16   0:00   0:00 
Mattias Ekholm           0  0  0  -1  0   0  2  1  0  0  0/0    24:33   6:23   2:06 
Morgan Barron            0  0  0   0  0   1  1  0  0  0  0/8    11:35   0:00   0:00 
Nicholas Paul            0  0  0  -2  0   2  0  0  0  0  0/1    19:08   5:18   1:20 
Philipp Kurashev         0  0  0  -3  0   0  0  0  0  0  0/1    18:50   6:20   0:00 
Riley Stillman           0  0  0  -2  0   1  0  2  0  0  0/0    16:49   0:48   0:20 
Sean Walker              0  0  0   0  0   2  1  0  0  0  0/0    19:01   4:27   1:36 
Tyler Johnson            0  0  0   0  0   1  1  0  0  0  6/15   19:08   5:18   1:47 
Zach Aston-Reese         0  0  0   0  0   0  1  0  0  0  0/1    12:37   0:00   1:02 

3 Stars

1 - Artturi Lehkonen (BOI)
2 - Matt Duchene (BOI)
3 - Ilya Sorokin (BOI)

Power Play

BOISE CARIBOUS - 0 on 2 Attempt(s) - 0,00%
KANSAS CITY KILLERBEES - 0 on 6 Attempt(s) - 0,00%

Penalty Kill

BOISE CARIBOUS - 6 on 6 Attempt(s) - 100,00% - Score 1 goal in Penalty Kill
KANSAS CITY KILLERBEES - 2 on 2 Attempt(s) - 100,00% - Score 0 goal in Penalty Kill

Team Stat

BOISE CARIBOUS - Hits : 13 - Faceoff Wins : 40 - Blocked Shots : 2 - Penalty Minutes : 12
KANSAS CITY KILLERBEES - Hits : 17 - Faceoff Wins : 20 - Blocked Shots : 4 - Penalty Minutes : 4

Official

Referees : Ghislain Hebert and Beaudry Halkidis
Linesman : Matt MacPherson and Jonny Murray

Game Notes

No Game Note

Finance

Level 1 -- Attendance: 6500 (100,00%) -- Ticket Income 975 000 $
Level 2 -- Attendance: 4589 (86,58%) -- Ticket Income 550 680 $
Level 3 -- Attendance: 2292 (91,68%) -- Ticket Income 206 280 $
Level 4 -- Attendance: 4200 (100,00%) -- Ticket Income 210 000 $
Luxury Box -- Attendance: 983 (96,37%) -- Ticket Income 285 070 $
Game was played at the Missouri Beehive Complex.
Total Attendance: 18564 (95,10%)
Total Ticket Income: 2 227 030 $
Other Expense: 22 270 $
Total Income: 2 204 760 $

BOISE CARIBOUS

5 vs 5 Forward 
   Center                   Left Wing                Right Wing               Time % Phy DF OF 
 1 Vincent Trocheck         Tim Stutzle              Nick Schmaltz            34     0   2  3  
 2 Jean-Gabriel Pageau      Artturi Lehkonen         Matt Duchene             32     1   2  2  
 3 Charlie Coyle            Lawson Crouse            Gabriel Vilardi          24     1   2  2  
 4 Jesperi Kotkaniemi       Phil Kessel              Kaapo Kakko              10     1   2  2  

5 vs 5 Defense 
   Defense                  Defense                                           Time % Phy DF OF 
 1 Rasmus Dahlin            Rasmus Andersson                                  36     1   2  2  
 2 Marcus Pettersson        Moritz Seider                                     36     1   2  2  
 3 Olli Maatta              Dylan DeMelo                                      28     1   3  1  
 4 Marcus Pettersson        Dylan DeMelo                                      0      0   5  0  

PowerPlay Forward 
   Center                   Left Wing                Right Wing               Time % Phy DF OF 
 1 Vincent Trocheck         Tim Stutzle              Matt Duchene             65     0   1  4  
 2 Jean-Gabriel Pageau      Lawson Crouse            Nick Schmaltz            35     0   1  4  

PowerPlay Defense
   Defense                  Defense                                           Time % Phy DF OF 
 1 Rasmus Dahlin            Artturi Lehkonen                                  55     0   1  4  
 2 Rasmus Andersson         Moritz Seider                                     45     0   2  3  

Penalty Kill 4 Players Forward 
   Center                   Wing                     Time % Phy DF OF 
 1 Vincent Trocheck         Charlie Coyle            50     0   4  1  
 2 Jean-Gabriel Pageau      Artturi Lehkonen         50     0   4  1  

Penalty Kill 4 Players Defense
   Defense                  Defense                  Time % Phy DF OF 
 1 Moritz Seider            Rasmus Andersson         55     1   4  0  
 2 Rasmus Dahlin            Marcus Pettersson        45     1   3  1  

Penalty Kill - 3 Players Forward 
   Forward                                           Time % Phy DF OF 
 1 Jesperi Kotkaniemi                                55     1   2  2  
 2 Kaapo Kakko                                       45     1   2  2  

Penalty Kill - 3 Players Defense
   Defense                  Defense                  Time % Phy DF OF 
 1 Olli Maatta              Marcus Pettersson        55     1   2  2  
 2 Rasmus Andersson         Moritz Seider            45     1   2  2  

4 vs 4 Forward 
   Center                   Wing                     Time % Phy DF OF 
 1 Jesperi Kotkaniemi       Tim Stutzle              55     1   2  2  
 2 Charlie Coyle            Gabriel Vilardi          45     1   2  2  

4 vs 4 Defense
   Defense                  Defense                  Time % Phy DF OF 
 1 Rasmus Dahlin            Rasmus Andersson         55     1   2  2  
 2 Dylan DeMelo             Olli Maatta              45     1   2  2  

Last Minutes Offensive
   Center                   Left Wing                Right Wing               Defense                  Defense                  
   Vincent Trocheck         Tim Stutzle              Matt Duchene             Rasmus Dahlin            Moritz Seider            

Last Minutes Defensive
   Center                   Left Wing                Right Wing               Defense                  Defense                  
   Jean-Gabriel Pageau      Artturi Lehkonen         Charlie Coyle            Rasmus Dahlin            Rasmus Andersson         

Goaltenders
Starting : Ilya Sorokin             
Backup : Brian Elliott            

Extra Forwards
Normal : Matt Duchene, Gabriel Vilardi, Tim Stutzle - PP : Vincent Trocheck, Tim Stutzle - PK : Lawson Crouse
Extra Defensemen
Normal : Dylan DeMelo, Marcus Pettersson, Moritz Seider - PP : Dylan DeMelo - PK : Marcus Pettersson, Olli Maatta
Penalty Shots
Tim Stutzle, Artturi Lehkonen, Vincent Trocheck, Nick Schmaltz, Matt Duchene
Custom OT Lines Forwards
Tim Stutzle, Artturi Lehkonen, Vincent Trocheck, Charlie Coyle, Kaapo Kakko, Nick Schmaltz, Matt Duchene, Lawson Crouse, Gabriel Vilardi, Jesperi Kotkaniemi
Custom OT Lines Defensemen
Rasmus Dahlin, Rasmus Andersson, Moritz Seider, Olli Maatta, Dylan DeMelo

Scratches
Andrew Cogliano (Healthy), Pavel Mintyukov (Healthy), Kirill Marchenko (Healthy), Troy Stecher (Healthy)

KANSAS CITY KILLERBEES

5 vs 5 Forward 
   Center                   Left Wing                Right Wing               Time % Phy DF OF 
 1 Boone Jenner             Nicholas Paul            Philipp Kurashev         36     1   2  2  
 2 Tyler Johnson            James van Riemsdyk       Alexis Lafreniere        31     1   2  2  
 3 Morgan Barron            Zach Aston-Reese         Jakub Voracek            23     1   2  2  
 4 MacKenzie Entwistle      Jaret Anderson-Dolan     Denis Gurianov           10     1   2  2  

5 vs 5 Defense 
   Defense                  Defense                                           Time % Phy DF OF 
 1 Mattias Ekholm           K'Andre Miller                                    36     1   2  2  
 2 Riley Stillman           Jacob Muzzin                                      31     1   2  2  
 3 Daniel Walcott           Sean Walker                                       23     1   2  2  
 4 Mattias Ekholm           Jacob Muzzin                                      10     1   2  2  

PowerPlay Forward 
   Center                   Left Wing                Right Wing               Time % Phy DF OF 
 1 Boone Jenner             James van Riemsdyk       Philipp Kurashev         55     1   2  2  
 2 Tyler Johnson            Nicholas Paul            Alexis Lafreniere        45     1   2  2  

PowerPlay Defense
   Defense                  Defense                                           Time % Phy DF OF 
 1 Mattias Ekholm           K'Andre Miller                                    55     1   2  2  
 2 Sean Walker              Jacob Muzzin                                      45     1   2  2  

Penalty Kill 4 Players Forward 
   Center                   Wing                     Time % Phy DF OF 
 1 Boone Jenner             Tyler Johnson            55     1   2  2  
 2 James van Riemsdyk       Nicholas Paul            45     1   2  2  

Penalty Kill 4 Players Defense
   Defense                  Defense                  Time % Phy DF OF 
 1 Mattias Ekholm           K'Andre Miller           55     1   2  2  
 2 Sean Walker              Jacob Muzzin             45     1   2  2  

Penalty Kill - 3 Players Forward 
   Forward                                           Time % Phy DF OF 
 1 Boone Jenner                                      55     1   2  2  
 2 Tyler Johnson                                     45     1   2  2  

Penalty Kill - 3 Players Defense
   Defense                  Defense                  Time % Phy DF OF 
 1 Mattias Ekholm           K'Andre Miller           55     1   2  2  
 2 Sean Walker              Jacob Muzzin             45     1   2  2  

4 vs 4 Forward 
   Center                   Wing                     Time % Phy DF OF 
 1 Boone Jenner             Tyler Johnson            55     1   2  2  
 2 James van Riemsdyk       Nicholas Paul            45     1   2  2  

4 vs 4 Defense
   Defense                  Defense                  Time % Phy DF OF 
 1 Mattias Ekholm           K'Andre Miller           55     1   2  2  
 2 Sean Walker              Jacob Muzzin             45     1   2  2  

Last Minutes Offensive
   Center                   Left Wing                Right Wing               Defense                  Defense                  
   Boone Jenner             James van Riemsdyk       Philipp Kurashev         Mattias Ekholm           K'Andre Miller           

Last Minutes Defensive
   Center                   Left Wing                Right Wing               Defense                  Defense                  
   Boone Jenner             James van Riemsdyk       Philipp Kurashev         Mattias Ekholm           K'Andre Miller           

Goaltenders
Starting : John Gibson              
Backup : Ilya Samsonov            

Extra Forwards
Normal : Jakub Voracek, Morgan Barron, Zach Aston-Reese - PP : Jakub Voracek, Morgan Barron - PK : Zach Aston-Reese
Extra Defensemen
Normal : Daniel Walcott, Mattias Ekholm, Sean Walker - PP : Daniel Walcott - PK : Mattias Ekholm, Sean Walker
Penalty Shots
Boone Jenner, Tyler Johnson, James van Riemsdyk, Nicholas Paul, Philipp Kurashev
Custom OT Lines Forwards
Boone Jenner, Tyler Johnson, James van Riemsdyk, Nicholas Paul, Philipp Kurashev, Alexis Lafreniere, Jakub Voracek, Morgan Barron, Zach Aston-Reese, MacKenzie Entwistle
Custom OT Lines Defensemen
Mattias Ekholm, K'Andre Miller, Sean Walker, Jacob Muzzin, Daniel Walcott

Scratches
Anders Bjork (Healthy), Andreas Englund (Healthy), Nicolas Aube-Kubel (Healthy), Will Butcher (Healthy), Cal Petersen (Left Hand Injury)
Jake Kupsky (Healthy)

% Time on Ice - BOISE CARIBOUS

Lines # - Real PCT - Wanted PCT - Time Play
Normal Forward
1 - 33% - 34% - 14:29
2 - 30% - 32% - 13:24
3 - 22% - 24% - 9:54
4 - 15% - 10% - 6:37
Normal Defense
1 - 34% - 36% - 15:12
2 - 35% - 36% - 15:27
3 - 31% - 28% - 13:45
4 - 0% - 0% - 0:00
PP Forward
1 - 51% - 65% - 2:02
2 - 49% - 35% - 1:56
PP Defense
1 - 53% - 55% - 2:07
2 - 47% - 45% - 1:51
PK Forward
1 - 49% - 50% - 5:41
2 - 51% - 50% - 5:57
PK Defense
1 - 57% - 55% - 6:40
2 - 43% - 45% - 4:58
PK3 Forward
1 - 0% - 55%
2 - 0% - 45%
PK3 Defense
1 - 0% - 55%
2 - 0% - 45%
44 Forward
1 - 0% - 55%
2 - 0% - 45%
44 Defense
1 - 0% - 55%
2 - 0% - 45%
Last Minute Offensive  - 0:00
Last Minute Defensive  - 0:00
Total
Forward - 60:00
Defense - 60:00

% Time on Ice - KANSAS CITY KILLERBEES

Lines # - Real PCT - Wanted PCT - Time Play
Normal Forward
1 - 28% - 36% - 12:30
2 - 27% - 31% - 12:03
3 - 26% - 23% - 11:35
4 - 19% - 10% - 8:16
Normal Defense
1 - 34% - 36% - 15:10
2 - 35% - 31% - 15:41
3 - 31% - 23% - 13:33
4 - 0% - 10% - 0:00
PP Forward
1 - 54% - 55% - 6:20
2 - 46% - 45% - 5:18
PP Defense
1 - 68% - 55% - 7:55
2 - 32% - 45% - 3:43
PK Forward
1 - 66% - 55% - 2:38
2 - 34% - 45% - 1:20
PK Defense
1 - 67% - 55% - 2:40
2 - 33% - 45% - 1:18
PK3 Forward
1 - 0% - 55%
2 - 0% - 45%
PK3 Defense
1 - 0% - 55%
2 - 0% - 45%
44 Forward
1 - 0% - 55%
2 - 0% - 45%
44 Defense
1 - 0% - 55%
2 - 0% - 45%
Last Minute Offensive  - 0:00
Last Minute Defensive  - 0:00
Total
Forward - 60:00
Defense - 60:00

Play-by-Play

1st period


0:01 of 1st period - Vincent Trocheck wins face-off versus Boone Jenner in neutral zone.
0:51 of 1st period - Icing by Rasmus Andersson.
0:52 of 1st period - Vincent Trocheck wins face-off versus Tyler Johnson in BOISE CARIBOUS zone.
0:59 of 1st period - Alexis Lafreniere is hit by Tim Stutzle and loses puck.
1:05 of 1st period - Minor Penalty to Jean-Gabriel Pageau for Hooking.
1:06 of 1st period - Lawson Crouse wins face-off versus Tyler Johnson in BOISE CARIBOUS zone.
1:21 of 1st period - Shot by Nicholas Paul.
1:21 of 1st period - Shot Misses the Net.
1:38 of 1st period - Shot by Sean Walker.
1:38 of 1st period - Stopped by Ilya Sorokin with a rebound.
2:14 of 1st period - Shot by Boone Jenner.
2:14 of 1st period - Stopped by Ilya Sorokin with a rebound.
2:16 of 1st period - Shot by K'Andre Miller.
2:16 of 1st period - Stopped by Ilya Sorokin with a rebound.
2:46 of 1st period - Shot by Tyler Johnson.
2:46 of 1st period - Deflect By Alexis Lafreniere.
2:46 of 1st period - Shot Misses the Net.
4:23 of 1st period - Icing by Jakub Voracek.
4:24 of 1st period - Charlie Coyle wins face-off versus Morgan Barron in KANSAS CITY KILLERBEES zone.
4:43 of 1st period - Icing by Rasmus Andersson.
4:44 of 1st period - Charlie Coyle wins face-off versus Alexis Lafreniere in BOISE CARIBOUS zone.
4:52 of 1st period - Alexis Lafreniere is hit by Rasmus Dahlin and loses puck.
6:12 of 1st period - Shot by Boone Jenner.
6:12 of 1st period - Stopped by Ilya Sorokin with a rebound.
6:40 of 1st period - Shot by MacKenzie Entwistle.
6:40 of 1st period - Stopped by Ilya Sorokin without a rebound.
6:41 of 1st period - Vincent Trocheck wins face-off versus Morgan Barron in BOISE CARIBOUS zone.
6:41 of 1st period - Nick Schmaltz is hit by Morgan Barron and loses puck.
8:01 of 1st period - Off-side.
8:02 of 1st period - Boone Jenner wins face-off versus Jesperi Kotkaniemi in neutral zone.
8:14 of 1st period - Icing by Moritz Seider.
8:15 of 1st period - Alexis Lafreniere wins face-off versus Jesperi Kotkaniemi in BOISE CARIBOUS zone.
8:58 of 1st period - Shot by Artturi Lehkonen.
8:58 of 1st period - Stopped by John Gibson without a rebound.
8:59 of 1st period - Boone Jenner wins face-off versus Vincent Trocheck in KANSAS CITY KILLERBEES zone.
9:22 of 1st period - Shot by Nick Schmaltz.
9:22 of 1st period - Shot Misses the Net.
9:59 of 1st period - Icing by Rasmus Andersson.
10:00 of 1st period - Jean-Gabriel Pageau wins face-off versus Tyler Johnson in BOISE CARIBOUS zone.
10:08 of 1st period - Shot by James van Riemsdyk.
10:08 of 1st period - Shot Hit the Post.
10:16 of 1st period - Shot by Tyler Johnson.
10:16 of 1st period - Stopped by Ilya Sorokin without a rebound.
10:17 of 1st period - Charlie Coyle wins face-off versus Morgan Barron in BOISE CARIBOUS zone.
11:23 of 1st period - Shot by Artturi Lehkonen.
11:23 of 1st period - Shot Misses the Net.
11:25 of 1st period - Shot by Matt Duchene.
11:25 of 1st period - Shot Misses the Net.
11:27 of 1st period - Shot by Jean-Gabriel Pageau.
11:27 of 1st period - Shot Misses the Net.
12:30 of 1st period - Minor Penalty to Tim Stutzle for Hooking.
12:31 of 1st period - Vincent Trocheck wins face-off versus Boone Jenner in BOISE CARIBOUS zone.
13:38 of 1st period - Artturi Lehkonen is hit by Tyler Johnson and loses puck.
14:04 of 1st period - Shot by Tyler Johnson.
14:04 of 1st period - Deflect By Alexis Lafreniere.
14:04 of 1st period - Stopped by Ilya Sorokin without a rebound.
14:05 of 1st period - Boone Jenner wins face-off versus Vincent Trocheck in BOISE CARIBOUS zone.
14:30 of 1st period - Shot by James van Riemsdyk.
14:30 of 1st period - Stopped by Ilya Sorokin without a rebound.
14:31 of 1st period - Jesperi Kotkaniemi wins face-off versus MacKenzie Entwistle in BOISE CARIBOUS zone.
14:37 of 1st period - Off-side.
14:38 of 1st period - MacKenzie Entwistle wins face-off versus Charlie Coyle in neutral zone.
15:14 of 1st period - Shot by Lawson Crouse.
15:14 of 1st period - Stopped by John Gibson with a rebound.
15:46 of 1st period - K'Andre Miller is hit by Vincent Trocheck and loses puck.
16:17 of 1st period - Vincent Trocheck is hit by Mattias Ekholm and loses puck.
16:42 of 1st period - Shot by Artturi Lehkonen.
16:42 of 1st period - Deflect By Matt Duchene.
16:42 of 1st period - Shot Blocked by Riley Stillman.
16:59 of 1st period - Shot by Jean-Gabriel Pageau.
16:59 of 1st period - Stopped by John Gibson without a rebound.
17:00 of 1st period - Jesperi Kotkaniemi wins face-off versus Morgan Barron in KANSAS CITY KILLERBEES zone.
17:34 of 1st period - Shot by Jakub Voracek.
17:34 of 1st period - Shot Misses the Net.
18:11 of 1st period - Shot by Matt Duchene.
18:11 of 1st period - Deflect By Jean-Gabriel Pageau.
18:11 of 1st period - Shot Misses the Net.
18:58 of 1st period - James van Riemsdyk is hit by Dylan DeMelo and loses puck.
19:06 of 1st period - Tyler Johnson is hit by Olli Maatta and loses puck.
19:26 of 1st period - Boone Jenner is hit by Olli Maatta and loses puck.
19:42 of 1st period - Philipp Kurashev is hit by Olli Maatta and loses puck.
Goals for this period are 0 for BOISE CARIBOUS vs 0 for KANSAS CITY KILLERBEES.
Shots for this period are 3 for BOISE CARIBOUS vs 8 for KANSAS CITY KILLERBEES.

2nd period


0:01 of 2nd period - Jean-Gabriel Pageau wins face-off versus Tyler Johnson in neutral zone.
0:23 of 2nd period - Icing by Moritz Seider.
0:24 of 2nd period - Matt Duchene wins face-off versus Boone Jenner in BOISE CARIBOUS zone.
0:32 of 2nd period - Moritz Seider is hit by Jacob Muzzin and loses puck.
0:35 of 2nd period - Shot by Artturi Lehkonen.
0:35 of 2nd period - Goal by Artturi Lehkonen - BOISE CARIBOUS : 1 - KANSAS CITY KILLERBEES : 0.
0:36 of 2nd period - Tyler Johnson wins face-off versus Vincent Trocheck in neutral zone.
2:10 of 2nd period - Shot by Matt Duchene.
2:10 of 2nd period - Stopped by John Gibson without a rebound.
2:11 of 2nd period - Charlie Coyle wins face-off versus MacKenzie Entwistle in KANSAS CITY KILLERBEES zone.
2:30 of 2nd period - Shot by Lawson Crouse.
2:30 of 2nd period - Shot Misses the Net.
2:32 of 2nd period - Shot by Charlie Coyle.
2:32 of 2nd period - Shot Misses the Net.
2:34 of 2nd period - Shot by Lawson Crouse.
2:34 of 2nd period - Stopped by John Gibson with a rebound.
2:36 of 2nd period - Shot by Dylan DeMelo.
2:36 of 2nd period - Deflect By Charlie Coyle.
2:36 of 2nd period - Shot Misses the Net.
2:38 of 2nd period - Shot by Olli Maatta.
2:38 of 2nd period - Stopped by John Gibson with a rebound.
2:40 of 2nd period - Shot by Dylan DeMelo.
2:40 of 2nd period - Stopped by John Gibson with a rebound.
4:14 of 2nd period - Shot by Boone Jenner.
4:14 of 2nd period - Shot Misses the Net.
4:21 of 2nd period - Minor Penalty to Moritz Seider for High sticking.
4:22 of 2nd period - Vincent Trocheck wins face-off versus Boone Jenner in BOISE CARIBOUS zone.
4:45 of 2nd period - Rasmus Andersson is hit by Boone Jenner and loses puck.
5:40 of 2nd period - Shot by Artturi Lehkonen.
5:40 of 2nd period - Shot Misses the Net.
5:43 of 2nd period - Icing by Mattias Ekholm.
5:44 of 2nd period - Vincent Trocheck wins face-off versus Tyler Johnson in KANSAS CITY KILLERBEES zone.
5:57 of 2nd period - Shot by K'Andre Miller.
5:57 of 2nd period - Shot Misses the Net.
7:14 of 2nd period - Jakub Voracek is hit by Marcus Pettersson and loses puck.
7:23 of 2nd period - Shot by Zach Aston-Reese.
7:23 of 2nd period - Shot Misses the Net.
7:25 of 2nd period - Shot by Riley Stillman.
7:25 of 2nd period - Stopped by Ilya Sorokin without a rebound.
7:26 of 2nd period - Vincent Trocheck wins face-off versus Philipp Kurashev in BOISE CARIBOUS zone.
7:26 of 2nd period - Vincent Trocheck is hit by Boone Jenner.
9:13 of 2nd period - Shot by Matt Duchene.
9:13 of 2nd period - Deflect By Artturi Lehkonen.
9:13 of 2nd period - Stopped by John Gibson with a rebound.
9:43 of 2nd period - Off-side.
9:44 of 2nd period - Charlie Coyle wins face-off versus Morgan Barron in neutral zone.
9:58 of 2nd period - Icing by Jakub Voracek.
9:59 of 2nd period - Jakub Voracek wins face-off versus Phil Kessel in KANSAS CITY KILLERBEES zone.
11:02 of 2nd period - Shot by Vincent Trocheck.
11:02 of 2nd period - Shot Blocked by K'Andre Miller.
11:04 of 2nd period - Shot by Vincent Trocheck.
11:04 of 2nd period - Shot Blocked by Mattias Ekholm.
11:09 of 2nd period - Nick Schmaltz is hit by K'Andre Miller and loses puck.
11:21 of 2nd period - Vincent Trocheck is hit by Mattias Ekholm and loses puck.
11:27 of 2nd period - Icing by Mattias Ekholm.
11:28 of 2nd period - Jean-Gabriel Pageau wins face-off versus Nicholas Paul in KANSAS CITY KILLERBEES zone.
11:31 of 2nd period - Shot by Artturi Lehkonen.
11:31 of 2nd period - Shot Misses the Net.
11:47 of 2nd period - Sean Walker is hit by Jean-Gabriel Pageau and loses puck.
11:58 of 2nd period - Shot by Jean-Gabriel Pageau.
11:58 of 2nd period - Stopped by John Gibson without a rebound.
11:59 of 2nd period - Charlie Coyle wins face-off versus Tyler Johnson in KANSAS CITY KILLERBEES zone.
12:13 of 2nd period - Icing by Jacob Muzzin.
12:14 of 2nd period - Vincent Trocheck wins face-off versus Tyler Johnson in KANSAS CITY KILLERBEES zone.
12:18 of 2nd period - Icing by Riley Stillman.
12:19 of 2nd period - Tyler Johnson wins face-off versus Vincent Trocheck in KANSAS CITY KILLERBEES zone.
12:30 of 2nd period - Shot by Tim Stutzle.
12:30 of 2nd period - Shot Misses the Net.
12:35 of 2nd period - Icing by Tyler Johnson.
12:36 of 2nd period - Tyler Johnson wins face-off versus Jean-Gabriel Pageau in KANSAS CITY KILLERBEES zone.
12:36 of 2nd period - Tyler Johnson is hit by Jean-Gabriel Pageau.
13:39 of 2nd period - Shot by Nicholas Paul.
13:39 of 2nd period - Stopped by Ilya Sorokin without a rebound.
13:40 of 2nd period - Vincent Trocheck wins face-off versus Morgan Barron in BOISE CARIBOUS zone.
13:44 of 2nd period - Minor Penalty to K'Andre Miller for Tripping.
13:45 of 2nd period - Vincent Trocheck wins face-off versus Boone Jenner in KANSAS CITY KILLERBEES zone.
15:00 of 2nd period - Shot by Lawson Crouse.
15:00 of 2nd period - Stopped by John Gibson with a rebound.
15:50 of 2nd period - Shot by Kaapo Kakko.
15:50 of 2nd period - Deflect By Jesperi Kotkaniemi.
15:50 of 2nd period - Stopped by John Gibson without a rebound.
15:51 of 2nd period - Charlie Coyle wins face-off versus MacKenzie Entwistle in KANSAS CITY KILLERBEES zone.
16:21 of 2nd period - Shot by Gabriel Vilardi.
16:21 of 2nd period - Shot Misses the Net.
16:23 of 2nd period - Shot by Lawson Crouse.
16:23 of 2nd period - Shot Misses the Net.
16:49 of 2nd period - Shot by Vincent Trocheck.
16:49 of 2nd period - Shot Blocked by Riley Stillman.
17:38 of 2nd period - Kaapo Kakko is hit by K'Andre Miller and loses puck.
18:05 of 2nd period - Shot by Jesperi Kotkaniemi.
18:05 of 2nd period - Stopped by John Gibson with a rebound.
18:24 of 2nd period - Icing by K'Andre Miller.
18:25 of 2nd period - Jean-Gabriel Pageau wins face-off versus Tyler Johnson in KANSAS CITY KILLERBEES zone.
18:30 of 2nd period - Shot by Matt Duchene.
18:30 of 2nd period - Stopped by John Gibson without a rebound.
18:31 of 2nd period - Boone Jenner wins face-off versus Jean-Gabriel Pageau in KANSAS CITY KILLERBEES zone.
18:31 of 2nd period - Boone Jenner is hit by Jean-Gabriel Pageau.
18:34 of 2nd period - Minor Penalty to Jean-Gabriel Pageau for Hooking.
18:35 of 2nd period - Boone Jenner wins face-off versus Lawson Crouse in BOISE CARIBOUS zone.
19:06 of 2nd period - Shot by Sean Walker.
19:06 of 2nd period - Stopped by Ilya Sorokin without a rebound.
19:07 of 2nd period - Vincent Trocheck wins face-off versus Alexis Lafreniere in BOISE CARIBOUS zone.
19:18 of 2nd period - Shot by K'Andre Miller.
19:18 of 2nd period - Shot Misses the Net.
Goals for this period are 1 for BOISE CARIBOUS vs 0 for KANSAS CITY KILLERBEES.
Shots for this period are 11 for BOISE CARIBOUS vs 3 for KANSAS CITY KILLERBEES.

3rd period


0:01 of 3rd period - Boone Jenner wins face-off versus Vincent Trocheck in neutral zone.
0:35 of 3rd period - Rasmus Andersson is hit by Zach Aston-Reese and loses puck.
0:53 of 3rd period - Jesperi Kotkaniemi is hit by Daniel Walcott and loses puck.
1:12 of 3rd period - Shot by Morgan Barron.
1:12 of 3rd period - Stopped by Ilya Sorokin without a rebound.
1:13 of 3rd period - Vincent Trocheck wins face-off versus Boone Jenner in BOISE CARIBOUS zone.
1:24 of 3rd period - Vincent Trocheck is hit by Jacob Muzzin and loses puck.
1:30 of 3rd period - Icing by Philipp Kurashev.
1:31 of 3rd period - Jean-Gabriel Pageau wins face-off versus Boone Jenner in KANSAS CITY KILLERBEES zone.
1:50 of 3rd period - Shot by Nicholas Paul.
1:50 of 3rd period - Shot Misses the Net.
2:08 of 3rd period - Shot by Artturi Lehkonen.
2:08 of 3rd period - Goal by Artturi Lehkonen - BOISE CARIBOUS : 2 - KANSAS CITY KILLERBEES : 0.
2:09 of 3rd period - Tyler Johnson wins face-off versus Vincent Trocheck in neutral zone.
2:12 of 3rd period - Shot by James van Riemsdyk.
2:12 of 3rd period - Stopped by Ilya Sorokin without a rebound.
2:13 of 3rd period - Tyler Johnson wins face-off versus Vincent Trocheck in BOISE CARIBOUS zone.
2:22 of 3rd period - Shot by Tim Stutzle.
2:22 of 3rd period - Stopped by John Gibson without a rebound.
2:23 of 3rd period - Vincent Trocheck wins face-off versus Morgan Barron in KANSAS CITY KILLERBEES zone.
2:33 of 3rd period - Morgan Barron is hit by Tim Stutzle and loses puck.
2:54 of 3rd period - Shot by Tim Stutzle.
2:54 of 3rd period - Stopped by John Gibson without a rebound.
2:55 of 3rd period - Boone Jenner wins face-off versus Charlie Coyle in KANSAS CITY KILLERBEES zone.
2:55 of 3rd period - Nicholas Paul is hit by Lawson Crouse and loses puck.
3:04 of 3rd period - Shot by Charlie Coyle.
3:04 of 3rd period - Stopped by John Gibson without a rebound.
3:05 of 3rd period - Jean-Gabriel Pageau wins face-off versus Boone Jenner in KANSAS CITY KILLERBEES zone.
3:12 of 3rd period - Shot by Matt Duchene.
3:12 of 3rd period - Stopped by John Gibson without a rebound.
3:13 of 3rd period - Vincent Trocheck wins face-off versus Boone Jenner in KANSAS CITY KILLERBEES zone.
3:13 of 3rd period - Vincent Trocheck is hit by K'Andre Miller.
3:30 of 3rd period - Shot by Philipp Kurashev.
3:30 of 3rd period - Shot Blocked by Vincent Trocheck.
3:34 of 3rd period - Shot by Boone Jenner.
3:34 of 3rd period - Shot Misses the Net.
6:57 of 3rd period - Tim Stutzle is hit by Daniel Walcott and loses puck.
7:18 of 3rd period - Jean-Gabriel Pageau is hit by Sean Walker and loses puck.
7:32 of 3rd period - Minor Penalty to Daniel Walcott for Hooking.
7:33 of 3rd period - Jean-Gabriel Pageau wins face-off versus Boone Jenner in KANSAS CITY KILLERBEES zone.
7:36 of 3rd period - Shot by Artturi Lehkonen.
7:36 of 3rd period - Stopped by John Gibson with a rebound.
7:38 of 3rd period - Shot by Artturi Lehkonen.
7:38 of 3rd period - Stopped by John Gibson with a rebound.
8:44 of 3rd period - Shot by Vincent Trocheck.
8:44 of 3rd period - Shot Misses the Net.
9:20 of 3rd period - Shot by Artturi Lehkonen.
9:20 of 3rd period - Stopped by John Gibson without a rebound.
9:21 of 3rd period - Vincent Trocheck wins face-off versus Zach Aston-Reese in KANSAS CITY KILLERBEES zone.
10:13 of 3rd period - Jesperi Kotkaniemi is hit by Daniel Walcott and loses puck.
11:51 of 3rd period - Shot by Jean-Gabriel Pageau.
11:51 of 3rd period - Stopped by John Gibson without a rebound.
11:52 of 3rd period - Boone Jenner wins face-off versus Vincent Trocheck in KANSAS CITY KILLERBEES zone.
11:56 of 3rd period - Minor Penalty to Vincent Trocheck for Tripping.
11:57 of 3rd period - Boone Jenner wins face-off versus Lawson Crouse in BOISE CARIBOUS zone.
12:05 of 3rd period - Icing by Philipp Kurashev.
12:06 of 3rd period - Jean-Gabriel Pageau wins face-off versus Boone Jenner in KANSAS CITY KILLERBEES zone.
12:11 of 3rd period - Shot by Jean-Gabriel Pageau.
12:11 of 3rd period - Goal by Jean-Gabriel Pageau - BOISE CARIBOUS : 3 - KANSAS CITY KILLERBEES : 0.
12:12 of 3rd period - Boone Jenner wins face-off versus Lawson Crouse in neutral zone.
12:51 of 3rd period - Shot by James van Riemsdyk.
12:51 of 3rd period - Shot Misses the Net.
13:36 of 3rd period - Icing by Nicholas Paul.
13:37 of 3rd period - Tyler Johnson wins face-off versus Artturi Lehkonen in KANSAS CITY KILLERBEES zone.
13:52 of 3rd period - Shot by Nicholas Paul.
13:52 of 3rd period - Shot Misses the Net.
14:40 of 3rd period - Shot by Vincent Trocheck.
14:40 of 3rd period - Shot Misses the Net.
14:49 of 3rd period - Icing by K'Andre Miller.
14:50 of 3rd period - Jean-Gabriel Pageau wins face-off versus Morgan Barron in KANSAS CITY KILLERBEES zone.
15:03 of 3rd period - Shot by Artturi Lehkonen.
15:03 of 3rd period - Shot Misses the Net.
16:04 of 3rd period - Shot by Charlie Coyle.
16:04 of 3rd period - Stopped by John Gibson without a rebound.
16:05 of 3rd period - Vincent Trocheck wins face-off versus Boone Jenner in KANSAS CITY KILLERBEES zone.
17:14 of 3rd period - Icing by Tyler Johnson.
17:15 of 3rd period - Matt Duchene wins face-off versus Tyler Johnson in KANSAS CITY KILLERBEES zone.
17:30 of 3rd period - Shot by Jean-Gabriel Pageau.
17:30 of 3rd period - Shot Misses the Net.
17:32 of 3rd period - Shot by Moritz Seider.
17:32 of 3rd period - Shot Misses the Net.
17:34 of 3rd period - Shot by Artturi Lehkonen.
17:34 of 3rd period - Stopped by John Gibson without a rebound.
17:35 of 3rd period - Charlie Coyle wins face-off versus MacKenzie Entwistle in KANSAS CITY KILLERBEES zone.
18:16 of 3rd period - Minor Penalty to Gabriel Vilardi for Cross-checking.
18:17 of 3rd period - Boone Jenner wins face-off versus Jean-Gabriel Pageau in BOISE CARIBOUS zone.
18:38 of 3rd period - Shot by Philipp Kurashev.
18:38 of 3rd period - Shot Blocked by Rasmus Dahlin.
18:55 of 3rd period - Icing by James van Riemsdyk.
18:56 of 3rd period - Jean-Gabriel Pageau wins face-off versus Boone Jenner in KANSAS CITY KILLERBEES zone.
19:35 of 3rd period - Shot by Nicholas Paul.
19:35 of 3rd period - Stopped by Ilya Sorokin without a rebound.
19:36 of 3rd period - Jean-Gabriel Pageau wins face-off versus Alexis Lafreniere in BOISE CARIBOUS zone.
19:36 of 3rd period - Jean-Gabriel Pageau is hit by Alexis Lafreniere.
Goals for this period are 2 for BOISE CARIBOUS vs 0 for KANSAS CITY KILLERBEES.
Shots for this period are 12 for BOISE CARIBOUS vs 3 for KANSAS CITY KILLERBEES.


BLAKE
WHEELER
STEVEN
STAMKOS
DREW
DOUGHTY

EAST COAST

HOCKEY LEAGUE

  • 63.RHI2PIT5
  • 64.WOR4ATL3
  • 65.QUECHW
  • 66.CHATRV